 Dungeon Crawl Stone Soup version 0.31-a0-496-g6f97920a28 (webtiles) character file.

Game seed: 10462161525120522567

96 Midn8 the Shooter (level 4, -6/25 HPs)
             Began as a Deep Elf Hexslinger on Aug 8, 2023.
             Killed by nerve-wracking pain
             ... invoked by an orc priest
              (14 damage)
             ... on level 3 of the Dungeon.
             The game lasted 00:04:09 (1762 turns).

Midn8 the Shooter (Deep Elf Hexslinger)             Turns: 1762, Time: 00:04:10

Health: -6/25      AC:  3    Str:  5    XL:     4   Next: 41%
Magic:  6/8        EV: 12    Int: 18    God:
Gold:   126        SH:  0    Dex: 19    Spells: 5/6 levels left

rFire   + . .        a - +1 sling
rCold   . . .        (no shield)
rNeg    . . .        s - +0 leather armour {rF+}
rPois   .            (no helmet)
rElec   .            (no cloak)
rCorr   .            (no gloves)
SInv    +            (no boots)
Will    .....        (no amulet)
Stlth   +            q - ring of see invisible
HPRegen 0.24/turn    (no ring)
MPRegen 0.11/turn

%: no passive effects
@: very slightly contaminated
A: no striking features
a: no special abilities


You were on level 3 of the Dungeon.
You visited 1 branch of the dungeon, and saw 3 of its levels.

You collected 126 gold pieces.

Inventory:

Hand Weapons
 a - a +1 sling (weapon)
Armour
 c - a +0 robe
 i - an orb of wrath
 s - a +0 leather armour of fire resistance (worn)
Jewellery
 q - a ring of see invisible (left hand)
Wands
 t - a wand of flame (8)
Scrolls
 b - a scroll of poison
 d - a scroll of brand weapon {unknown}
 e - 2 scrolls of identify {unknown}
 g - a scroll of amnesia {unknown}
 h - a scroll of teleportation {unknown}
 n - a scroll of fog {unknown}
 r - a scroll of blinking {unknown}
Potions
 f - a potion of curing {unknown}
 j - a potion of enlightenment {unknown}
 k - a potion of attraction {unknown}
 l - a potion of invisibility {unknown}
 m - a potion of heal wounds {unknown}
 o - a potion of mutation {unknown}
 p - 2 potions of berserk rage {unknown}


   Skills:
 + Level 1.3 Fighting
 - Level 6.0 Ranged Weapons
 - Level 2.4 Dodging
 - Level 1.5 Spellcasting
 - Level 4.0 Hexes


You had 5 spell levels left.
You knew the following spells:

 Your Spells              Type           Power      Damage    Failure   Level
a - Slow                  Hex            60%        N/A       6%          1

Your spell library contained the following spells:

 Spells                   Type           Power      Damage    Failure   Level
 Inner Flame              Hex/Fire       8%         N/A       38%         3
 Portal Projectile        Hex/Tloc       16%        N/A       38%         3
 Cause Fear               Hex            7%         N/A       52%         4


Dungeon Overview and Level Annotations

Branches:
Dungeon (3/15)

Altars:


Message History

Press: ? - help, Q - select action, (/) - cycle Shift-Dir - straight line, f/p - orc
Aim: an orc, wielding a +0 falchion and wearing a +0 chain mail (70% to hit)
You shoot a sling bullet.
The sling bullet hits the orc but does no damage.
The orc closely misses you.
Fire: a) +1 sling
Press: ? - help, Q - select action, (/) - cycle Shift-Dir - straight line, f/p - orc
Aim: an orc, wielding a +0 falchion and wearing a +0 chain mail (70% to hit)
You shoot a sling bullet.
The sling bullet hits the orc but does no damage.
Unknown command.
Fire: a) +1 sling
Press: ? - help, Q - select action, (/) - cycle Shift-Dir - straight line, f/p - orc
Aim: an orc, wielding a +0 falchion and wearing a +0 chain mail (70% to hit)
You shoot a sling bullet. The sling bullet hits the orc.
You kill the orc!
Unknown command.
Fire: a) +1 sling
Press: ? - help, Q - select action, (/) - cycle Shift-Dir - straight line, f - orc priest
Aim: an orc priest, wielding a +0 dagger and wearing a +0 leather armour (63% to hit)
Okay, then.
Casting: Slow (safe; 6% risk of failure)
Confirm with . or Enter, or press ? or * to list all spells.
Aiming: Slow (safe; 6% risk of failure)
Press: ? - help, Shift-Dir - straight line, f - orc priest
Aim: an orc priest, wielding a +0 dagger and wearing a +0 leather armour (chance to affect: 49%)
You miscast Slow.
You are very lightly contaminated with residual magic.
Nothing appears to happen.
The orc priest hits you but does no damage.
Casting: Slow (safe; 6% risk of failure)
Confirm with . or Enter, or press ? or * to list all spells.
Aiming: Slow (safe; 6% risk of failure)
Press: ? - help, Shift-Dir - straight line, f/p - orc priest
Aim: an orc priest, wielding a +0 dagger and wearing a +0 leather armour (chance to affect: 49%)
You miscast Slow.
Nothing appears to happen.
The orc priest calls down the wrath of Beogh upon you.
Pain shoots through your body!
Ouch! That really hurt!
You die...

############## ###............#
## ..#.....######.# ### ##......
..#.......#.## #.# #.#......
..#.....##.#.## #.# #.#..[....
#.##..####..#)## #.# #.#........
#.##..## #...#.###.###.#..oo....o
....<..###....#.##.##.#.........o
........##.....#@#.#.#..........o
.........#......#o#.#............
.................#b#..........o..
........##........#.....o.....
..................#......##.?.
........#.....8...#.....#.# ..
..........).8...8###.....## .
........#......... .....#.#
........#......... ....###


You could see an orc priest and a bat.

Vanquished Creatures
  An orc wizard (D:2)
  A worm (D:2)
  4 dart slugs
  3 orcs (D:3)
  4 ball pythons
  10 endoplasms
  3 giant cockroaches (D:1)
  4 goblins
  2 hobgoblins (D:1)
  4 jackals (D:1)
  2 quokkas (D:2)
  3 bats
  4 frilled lizards
  4 kobolds (D:1)
  2 rats
51 creatures vanquished.

Notes
Turn   | Place    | Note
-------+----------+-------------------------------------------
     0 | D:1      | Midn8 the Deep Elf Hexslinger began the quest for the Orb.
     0 | D:1      | Reached XP level 1. HP: 11/11 MP: 5/5
    74 | D:1      | Reached skill level 3 in Ranged Weapons
   152 | D:1      | Reached XP level 2. HP: 16/16 MP: 6/6
   196 | D:1      | Reached skill level 4 in Ranged Weapons
   298 | D:1      | Reached XP level 3. HP: 20/20 MP: 7/7
   627 | D:1      | Reached skill level 5 in Ranged Weapons
  1443 | D:2      | Reached skill level 6 in Ranged Weapons
  1443 | D:2      | Reached XP level 4. HP: 5/24 MP: 6/8
  1595 | D:3      | Reached skill level 1 in Fighting
  1762 | D:3      | Killed from afar by an orc priest

Illustrated notes

Levels and vault maps discovered:
D:1:      nzn_arrival_crosshair, layout_basic
D:2:      cheibrodos_helix_gallery, layout_loops_ring,
          kennysheep_generic_room_16
D:3:      wad_pebble_path, layout_rooms, minmay_misc_feat_pillars,
          nrook_campfire, uniq_jessica, uniq_sigmund

Skill      XL: |  1  2  3  4 |
---------------+-------------+-----
Ranged Weapons | 3 4 6 |  6.0
Fighting       | 1 |  1.3
Dodging        | |  2.4
Spellcasting   | |  1.5
Hexes          | |  4.0

Action                     |  1- 3 |  4- 6 || total
---------------------------+-------+-------++-------
   Fire: Sling             |   114 |    32 ||   146
   Cast: Slow              |     2 |       ||     2
 Armour: Robe              |     7 |     1 ||     8
         Leather armour    |       |     1 ||     1
  Dodge: Dodged            |    18 |     6 ||    24

Table legend: (Time is in decaauts)
 A = Elapsed time spent in this place.
 B = Non-inter-level travel time spent in this place.
 C = Inter-level travel time spent in this place.
 D = Time resting spent in this place.
 E = Time spent auto-exploring this place.
 F = Levels seen in this place.
 G = Mean time per level.
                   A        B        C        D        E       F      G
               +--------+--------+--------+--------+--------+-----+--------+
         Total |   1789 |   1677 |    112 |    172 |   1169 |   3 |  596.3 |
       Dungeon |   1789 |   1677 |    112 |    172 |   1169 |   3 |  596.3 |
               +--------+--------+--------+--------+--------+-----+--------+

Top non-repeatable levels by time:
     D:2: 924 daAuts
     D:1: 674 daAuts
     D:3: 190 daAuts
